 Dungeon Crawl Stone Soup version 0.22-a0-775-ga7d80019b5 (webtiles) character file.

126 Mirvelgyr the Chopper (level 4, -7/61 HPs)
             Began as a Minotaur Berserker on July 18, 2018.
             Was a Believer of Trog.
             Mangled by an iguana (14 damage)
             ... on level 3 of the Dungeon.
             The game lasted 00:02:04 (2034 turns).

Mirvelgyr the Chopper (Minotaur Berserker)          Turns: 2034, Time: 00:02:05

Health: -7/61      AC:  3    Str: 28    XL:     4   Next: 84%
Magic:  3/3        EV: 12    Int:  4    God:    Trog [**....]
Gold:   102        SH:  0    Dex:  9    Spells: 3/3 levels left

rFire    . . .     SeeInvis .   a - +0 hand axe
rCold    . . .     Gourm    .   (no shield)
rNeg     . . .     Faith    .   d - +0 leather armour
rPois    .         Spirit   .   (helmet restricted)
rElec    .         Reflect  .   (no cloak)
rCorr    .         Harm     .   (no gloves)
MR       .....                  (no boots)
Stlth    ..........             (no amulet)
HPRegen  0.20/turn              i - ring of stealth
MPRegen  0.08/turn              (no ring)

@: berserking, very quick
A: retaliatory headbutt, horns 2
a: Berserk, Trog's Hand, Renounce Religion


You were on level 3 of the Dungeon.
You worshipped Trog.
Trog was pleased with you.
You were near starving.

You visited 1 branch of the dungeon, and saw 3 of its levels.

You collected 102 gold pieces.

Inventory:

Hand Weapons
 a - a +0 hand axe (weapon)
Armour
 d - a +0 leather armour (worn)
Jewellery
 i - a ring of stealth (left hand)
Wands
 n - a wand of acid (12)
Scrolls
 e - 3 scrolls of identify {unknown}
 g - a scroll of amnesia {unknown}
 h - a scroll of enchant armour {unknown}
 k - a scroll of teleportation {unknown}
 m - a scroll of remove curse {unknown}
 o - a scroll of noise {unknown}
 p - a scroll of immolation {unknown}
 q - a scroll of random uselessness {unknown}
Potions
 b - a potion of agility {unknown}
 f - a potion of degeneration {unknown}
 j - a potion of haste {unknown}
 l - a potion of lignification {unknown}
 r - a potion of curing {unknown}
Comestibles
 c - 6 rations


   Skills:
 + Level 4.4 Fighting
 * Level 5.0 Axes
 + Level 3.4 Armour
 + Level 3.2 Dodging


You had 3 spell levels left.
You didn't know any spells.
Your spell library was empty.

Dungeon Overview and Level Annotations

Branches:
Dungeon (3/15)

Altars:
The Shining One


Innate Abilities, Weirdness & Mutations

You reflexively headbutt those who attack you in melee.
You have a pair of horns on your head.


Message History

You hit the iguana but do no damage.
The iguana is moderately wounded.
The iguana closely misses you.
You hit the iguana but do no damage.
The iguana is moderately wounded.
The iguana bites you!
You hit the iguana.
The iguana is moderately wounded.
The iguana bites you!
You are too injured to fight recklessly!
You are too injured to fight recklessly!
You hit the iguana but do no damage. You headbutt the iguana.
The iguana is heavily wounded.
The iguana bites you!
* * * LOW HITPOINT WARNING * * *
A red film seems to cover your vision as you go berserk!
You feel yourself moving faster!
You feel mighty!
You are near starving!
The iguana bites you!
You die...

#.# #.....# ..
#.###.# #.## #.# ...
#.# #.## #.#
#.####..# #.#
#.......## #.#
#.#.####...# #.#
#...l@...#.# #.#
.......#####.###.###
..................<#
....?...[...#.##.###
.......####.#..#.#
....#.# #.##.#.#
....#. #. .#.# ...
#. .. ...# ## #..#


You could see an iguana.

Vanquished Creatures
  A worker ant (D:2)
  4 adders (D:2)
  An ooze (D:1)
  3 dart slugs (D:1)
  A worm (D:2)
  3 leopard geckos
  5 bats
  2 giant cockroaches (D:1)
  2 goblins
  11 hobgoblins
  2 jackals (D:1)
  2 quokkas (D:2)
  3 frilled lizards (D:1)
  6 kobolds
  4 rats
50 creatures vanquished.

Notes
Turn   | Place    | Note
-------+----------+-------------------------------------------
     0 | D:1      | Mirvelgyr the Minotaur Berserker began the quest for the Orb.
     0 | D:1      | Reached XP level 1. HP: 19/19 MP: 0/0
   116 | D:1      | Reached XP level 2. HP: 22/27 MP: 1/1
   131 | D:1      | Reached skill level 4 in Axes
   353 | D:1      | Found a glowing golden altar of the Shining One.
   427 | D:1      | Reached XP level 3. HP: 33/33 MP: 2/2
   889 | D:2      | Reached ** piety under Trog
  1059 | D:2      | Reached XP level 4. HP: 26/40 MP: 3/3
  1655 | D:2      | Reached skill level 5 in Axes
  2034 | D:3      | Mangled by an iguana

Vault maps used:
D:1:      minmay_arrival_split_and_join, tso_altar
D:2:      first_ration, item_on_display_a

Skill      XL: |  1  2  3  4 |
---------------+-------------+-----
Axes           | 4 5 |  5.0
Fighting       | 4 |  4.4
Armour         | 3 |  3.4
Dodging        | 3 |  3.2

Action                   |  1- 3 |  4- 6 || total
-------------------------+-------+-------++-------
Melee: Hand axe          |    72 |    34 ||   106
       Headbutt          |    13 |     5 ||    18
Invok: Berserk           |       |     2 ||     2
       Trog's Hand       |       |     1 ||     1
 Stab: Sleeping          |       |     1 ||     1
  Eat: Chunk             |       |     4 ||     4
Armor: Animal skin       |    10 |     5 ||    15
Dodge: Dodged            |    48 |    27 ||    75

Table legend:
 A = Spawn XP
 B = Non-spawn XP
 C = Spawn XP percentage of total XP
 D = Spawn monster count
 E = Non-spawn monster count
 F = Spawn count percentage of total count
 G = Total turns spent on level
                    A         B        C        D         E        F      G
               +---------+---------+-------+---------+---------+-------+---------
         Total |       0 |     181 |   0.0 |       0 |      50 |   0.0 |  2034
               +---------+---------+-------+---------+---------+-------+---------
           D:1 |       0 |      61 |   0.0 |       0 |      27 |   0.0 |   874
           D:2 |       0 |     120 |   0.0 |       0 |      23 |   0.0 |  1046
               +---------+---------+-------+---------+---------+-------+---------
